 Dungeon Crawl Stone Soup version 0.30-a0-371-gad7725a93e (webtiles) character file.

Game seed: 16344223061906444701

93 retardedninja the Trooper (level 4, -7/41 HPs)
             Began as a Hill Orc Fighter on Nov 22, 2022.
             Mangled by a gnoll
             ... wielding a +0 halberd
             ... led by a gnoll bouda
              (8 damage)
             ... on level 5 of the Dungeon.
             The game lasted 00:03:54 (1535 turns).

retardedninja the Trooper (Hill Orc Fighter)        Turns: 1535, Time: 00:03:54

Health: -7/41      AC:  7    Str: 24    XL:     4   Next: 61%
Magic:  4/4        EV:  9    Int:  7    God:
Gold:   88         SH:  4    Dex:  9    Spells: 3/3 levels left

rFire   . . .      SeeInvis +    a - +0 war axe
rCold   . . .      Faith    .    c - +0 buckler
rNeg    . . .      Spirit   .    b - +0 scale mail
rPois   .          Reflect  .    (no helmet)
rElec   .          Harm     .    (no cloak)
rCorr   .          Rampage  .    (no gloves)
Will    .....                    (no boots)
Stlth   ..........               (no amulet)
HPRegen 0.26/turn                (no ring)
MPRegen 0.09/turn                (no ring)

@: weakened, attractive
A: see invisible, strong 1
a: no special abilities


You were on level 5 of the Dungeon.
You visited 1 branch of the dungeon, and saw 5 of its levels.

You collected 88 gold pieces.

Inventory:

Hand Weapons
 a - a +0 war axe (weapon)
Armour
 b - a +0 scale mail (worn)
 c - a +0 buckler (worn)
 l - a +0 pair of gloves
Scrolls
 f - 3 scrolls of identify {unknown}
 g - a scroll of enchant weapon {unknown}
 h - a scroll of poison {unknown}
 k - a scroll of teleportation {unknown}
 m - a scroll of blinking {unknown}
Potions
 d - a potion of magic {unknown}
 e - a potion of mutation


   Skills:
 + Level 4.4 Fighting
 + Level 3.8 Axes
 + Level 4.0 Armour
 + Level 4.1 Shields


You had 3 spell levels left.
You didn't know any spells.
Your spell library contained the following spells:

 Spells                   Type           Power      Damage    Failure   Level
 Passage of Golubria      Tloc           0%         N/A       100%        4
 Silence                  Hex/Air        0%         N/A       100%        5
 Lehudib's Crystal Spear  Conj/Erth      0%         10d2      100%        8


Dungeon Overview and Level Annotations

Branches:
Dungeon (6/15)
 Temple: D:4-7

Altars:


Innate Abilities, Weirdness & Mutations

You have supernaturally acute eyesight. (SInv)
Your muscles are strong. (Str +4, Int/Dex -1)


Message History

The gnoll hits you from afar with a +0 halberd!
* * * LOW HITPOINT WARNING * * *
You barely miss the adder.
The adder is lightly wounded.
You hit the gnoll but do no damage.
You hit the gnoll bouda but do no damage.
You hit the gnoll. The adder bites you.
* * * LOW HITPOINT WARNING * * *
You block the gnoll's attack. The gnoll closely misses you.
The gnoll hits you with a +0 club.
* * * LOW HITPOINT WARNING * * *
The gnoll bouda calls upon its god to heal the gnoll.
The gnoll's wounds heal themselves!
The gnoll closely misses you. You block the adder's attack.
The gnoll hits you but does no damage. The gnoll barely misses you.
The gnoll hits you with a +0 club.
* * * LOW HITPOINT WARNING * * *
You slash the adder!
You kill the adder!
You hit the gnoll. You slash the gnoll bouda! You hit the gnoll.
The gnoll bouda calls upon its god to heal the gnoll.
The gnoll is healed somewhat.
The gnoll hits you from afar with a +0 halberd.
* * * LOW HITPOINT WARNING * * *
The gnoll hits you but does no damage. You block the gnoll's attack.
The gnoll barely misses you.
The gnoll bouda gazes fiercely through you!
You feel as though you will be weak longer.
The gnoll bouda barely misses you.
It was a potion of curing.
You feel better.
The gnoll hits you from afar with a +0 halberd!
* * * LOW HITPOINT WARNING * * *
The gnoll closely misses you. The gnoll barely misses you.
The gnoll hits you with a +0 club.
* * * LOW HITPOINT WARNING * * *
The gnoll bouda hits you with a +0 whip.
* * * LOW HITPOINT WARNING * * *
It was a potion of attraction.
You feel attractive to monsters.
The gnoll hits you from afar with a +0 halberd!
You die...

......(.(....#
..............#
..............######
...................#
.....!..........##..
............>....§..
...............≈≈§§≈
#....gg......§....
#...<@.g.....≈.###
#....g.g.....≈.#
#............§.#
#............≈§..
##########+#.§§##
.§.. §≈§


You could see a gnoll bouda and 4 gnolls.

Vanquished Creatures
  Terence (D:2)
  An adder (D:5)
  A dart slug (D:2)
  5 endoplasms
  3 giant cockroaches
  8 goblins
  5 hobgoblins
  3 jackals (D:1)
  4 quokkas
  7 ball pythons
  6 bats
  3 frilled lizards (D:1)
  5 kobolds
  2 rats (D:1)
54 creatures vanquished.

Notes
Turn   | Place    | Note
-------+----------+-------------------------------------------
     0 | D:1      | retardedninja the Hill Orc Fighter began the quest for the
                  | Orb.
     0 | D:1      | Reached XP level 1. HP: 19/19 MP: 1/1
   124 | D:1      | Reached XP level 2. HP: 27/27 MP: 2/2
   400 | D:1      | Reached XP level 3. HP: 31/33 MP: 3/3
  1159 | D:2      | Reached XP level 4. HP: 40/40 MP: 4/4
  1267 | D:2      | Noticed Terence
  1273 | D:2      | Killed Terence
  1501 | D:3      | You fall into a shaft and drop 3 floors!
  1524 | D:5      | Entered Level 5 of the Dungeon
  1531 | D:5      | Gained mutation: You have supernaturally acute eyesight.
                  | (SInv) [potion of mutation]
  1531 | D:5      | Gained mutation: Your muscles are strong. (Str +4, Int/Dex
                  | -1) [potion of mutation]
  1534 | D:5      | HP: 1/41 [gnoll bouda/+0 whip (2)]
  1535 | D:5      | Mangled by a gnoll

Illustrated notes

Levels and vault maps discovered:
D:1:      dpeg_arrival_boxes_within_box, layout_loops_ring
D:2:      layout_basic, uniq_terence
D:3:      layout_basic, shapermc_ecumenical_altar_totnotflames, uniq_grinder
D:5:      layout_basic, mainiacjoe_overflow_brackets,
          minmay_temple_entry_sparse_star, portal_sewer_entry_e,
          nicolae_shop_firing_range, uniq_blork_the_orc, uniq_eustachio
D:6:      minmay_recursive_quarters, layout_loops_corners,
          mainiacjoe_overflow_alcove_4

Skill      XL: |  1  2  3  4 |
---------------+-------------+-----
Axes           | 3 |  3.8
Fighting       | 4 |  4.4
Armour         | 4 |  4.0
Shields        | 4 |  4.1

Action                   |  1- 3 |  4- 6 || total
-------------------------+-------+-------++-------
Melee: War axe           |   130 |    14 ||   144
  Use: Potion            |     1 |     3 ||     4
Armor: Scale mail        |    63 |     9 ||    72
Dodge: Dodged            |    69 |    17 ||    86
Block: Buckler           |    35 |     9 ||    44

Table legend: (Time is in decaauts)
 A = Elapsed time spent in this place.
 B = Non-inter-level travel time spent in this place.
 C = Inter-level travel time spent in this place.
 D = Time resting spent in this place.
 E = Time spent auto-exploring this place.
 F = Levels seen in this place.
 G = Mean time per level.
                   A        B        C        D        E       F      G
               +--------+--------+--------+--------+--------+-----+--------+
         Total |   1588 |   1488 |    100 |     70 |   1049 |   5 |  317.6 |
       Dungeon |   1588 |   1488 |    100 |     70 |   1049 |   5 |  317.6 |
               +--------+--------+--------+--------+--------+-----+--------+

Top non-repeatable levels by time:
     D:1: 915 daAuts
     D:2: 637 daAuts
     D:6: 22 daAuts
     D:5: 11 daAuts
     D:3: 1 daAuts
